 Dungeon Crawl Stone Soup version 0.31-a0-83-gbff143cfd1 (webtiles) character file.

Game seed: 10020979067889624777

207 garrulousMonolith the Trooper (level 5, -5/33 HPs)
             Began as a Gargoyle Fighter on May 25, 2023.
             Killed from afar by an orc wizard (11 damage)
             ... with a puff of flame
             ... on level 4 of the Dungeon.
             The game lasted 00:03:36 (2465 turns).

garrulousMonolith the Trooper (Gargoyle Fighter)    Turns: 2465, Time: 00:03:36

Health: -5/33      AC: 13    Str: 22    XL:     5   Next: 85%
Magic:  6/6        EV:  8    Int:  8    God:
Gold:   214        SH:  4    Dex:  9    Spells: 4/4 levels left

rFire   . . .        a - +0 flail
rCold   . . .        c - +0 buckler
rNeg    + . .        j - +0 chain mail
rPois   ∞            (no helmet)
rElec   +            (no cloak)
rCorr   .            (no gloves)
SInv    .            (no boots)
Will    +....        g - amulet of the acrobat Stlth
                     h - ring of willpower
HPRegen 0.25/turn    (no ring)
MPRegen 0.10/turn

%: acrobat
@: no status effects
A: sickness immunity, AC +4, negative energy resistance 1, electricity
resistance, torment resistance 1, petrification resistance
a: no special abilities


You were on level 4 of the Dungeon.
You visited 1 branch of the dungeon, and saw 4 of its levels.

You collected 214 gold pieces.

Inventory:

Hand Weapons
 a - a +0 flail (weapon)
Armour
 c - a +0 buckler (worn)
 j - a +0 chain mail (worn)
Jewellery
 b - a ring of wizardry
 g - an amulet of the acrobat (around neck)
 h - a ring of willpower (left hand)
Scrolls
 e - a scroll of fear {unknown}
 k - a scroll of poison {unknown}
 n - a scroll of teleportation
 o - a scroll of vulnerability {unknown}
 p - a scroll of enchant armour {unknown}
Potions
 d - a potion of might
 f - a potion of resistance
 i - a potion of brilliance
 m - 3 potions of curing


   Skills:
 + Level 4.1 Fighting
 * Level 3.7 Maces & Flails
 + Level 4.0 Armour
 + Level 4.1 Shields
 + Level 2.0 Invocations


You had 4 spell levels left.
You didn't know any spells.
Your spell library was empty.

Dungeon Overview and Level Annotations

Branches:
Dungeon (4/15)
 Temple: D:4-7

Altars:
Dithmenos


Innate Abilities, Weirdness & Mutations

You are immune to sickness and miasma.
Your stone body is resilient. (AC +4)
You are immune to poison.
You resist negative energy. (rN+)
You are resistant to electric shocks. (rElec)
You are resistant to unholy torment.
You are immune to petrification.


Message History

You kill the orc wizard!
Something hits you but does no damage.
Items here: )) [[ †.
You sock the orc!
You kill the orc!
Something hits you. x2
* * * LOW HITPOINT WARNING * * *
An orc wizard appears from thin air!
Reactivating autopickup.
The orc wizard misses you.
Things that are here:
a +0 club; an orc corpse You closely miss the orc wizard.
The orc wizard hits you but does no damage.
You barely miss the orc wizard.
The orc wizard gestures wildly while chanting.
The orc wizard flickers and vanishes!
Deactivating autopickup; reactivate with Ctrl-A.
You closely miss something. Something hits you but does no damage.
You closely miss something. You block something's attack.
You barely miss something. Something hits you but does no damage.
You hear some strange, mumbled words.
Something tries to affect you, but you resist.
You thump something! You block something's attack.
You miss something. Something hits you but does no damage.
You miss something.
Something hits you but does no damage. x2
You barely miss something. You block something's attack.
You barely miss something. Something hits you but does no damage.
You barely miss something. Something hits you.
You closely miss something. Something hits you but does no damage.
You hear some strange, mumbled words.
A puff of flame appears from out of thin air!
The puff of flame hits you.
* * * LOW HITPOINT WARNING * * *
You closely miss something. Something hits you but does no damage.
You closely miss something.
You hear some strange, mumbled words.
A puff of flame appears from out of thin air!
The puff of flame hits you!
You die...

### ##### ...
...#
#.###.#######
#..#.......@{))#
#$.......#####.#
#........# #.#
#.##.##.## #.# .
#. #.# #.# . ..#
##.## .. ...#
#...# o. ...#
#...# #.. ....#
#...#


There were no monsters in sight!

Vanquished Creatures
  A sleepcap (D:4)
  2 orc wizards (D:4)
  4 adders
  2 worms (D:2)
  3 dart slugs (D:1)
  2 orcs
  8 ball pythons
  7 endoplasms
  2 giant cockroaches
  9 goblins
  6 hobgoblins (D:1)
  6 jackals
  2 kobolds
  3 quokkas
  11 bats
  3 frilled lizards
  5 rats
76 creatures vanquished.

Notes
Turn   | Place    | Note
-------+----------+-------------------------------------------
     0 | D:1      | garrulousMonolith the Gargoyle Fighter began the quest for
                  | the Orb.
     0 | D:1      | Reached XP level 1. HP: 14/14 MP: 1/1
    71 | D:1      | Reached XP level 2. HP: 19/19 MP: 2/2
   291 | D:1      | Reached XP level 3. HP: 21/23 MP: 3/3
   331 | D:1      | Reached skill level 1 in Invocations
   843 | D:2      | Reached XP level 4. HP: 29/29 MP: 4/4
  1890 | D:3      | Reached XP level 5. HP: 31/33 MP: 6/6
  2105 | D:3      | Found a shadowy altar of Dithmenos.
  2465 | D:4      | Killed from afar by an orc wizard

Illustrated notes

Levels and vault maps discovered:
D:1:      dpeg_arrival_line_fractal, layout_basic
D:2:      layout_basic, minmay_fractal_squares_5
D:3:      layout_rooms, lemuel_coloured_pillars_altar
D:4:      layout_loops_cross, minmay_temple_entry_slanted,
          kennysheep_opposing_triangles, uniq_eustachio, uniq_ijyb

Skill      XL: |  1  2  3  4  5 |
---------------+----------------+-----
Invocations    | 1 2 |  2.0
Maces & Flails | 3 |  3.7
Fighting       | 4 |  4.1
Armour         | 4 |  4.0
Shields        | 4 |  4.1

Action                     |  1- 3 |  4- 6 || total
---------------------------+-------+-------++-------
  Melee: Flail             |   118 |   202 ||   320
    Use: Scroll            |       |     5 ||     5
 Armour: Scale mail        |    86 |       ||    86
         Chain mail        |       |   148 ||   148
  Dodge: Dodged            |    77 |    93 ||   170
  Block: Buckler           |    25 |    55 ||    80

Table legend: (Time is in decaauts)
 A = Elapsed time spent in this place.
 B = Non-inter-level travel time spent in this place.
 C = Inter-level travel time spent in this place.
 D = Time resting spent in this place.
 E = Time spent auto-exploring this place.
 F = Levels seen in this place.
 G = Mean time per level.
                   A        B        C        D        E       F      G
               +--------+--------+--------+--------+--------+-----+--------+
         Total |   2554 |   2517 |     37 |     68 |   1709 |   4 |  638.5 |
       Dungeon |   2554 |   2517 |     37 |     68 |   1709 |   4 |  638.5 |
               +--------+--------+--------+--------+--------+-----+--------+

Top non-repeatable levels by time:
     D:2: 1135 daAuts
     D:1: 712 daAuts
     D:3: 581 daAuts
     D:4: 126 daAuts
